 Dungeon Crawl Stone Soup version 0.24.1-4-ge52af88ad5 (webtiles) character file.

Game seed: 1803504594190608376, levelgen mode: deterministic

64103 Peloso the Fencer (level 14, -2/129 HPs)
             Began as a Minotaur Fighter on Apr 20, 2020.
             Was a High Priest of Okawaru.
             Slain by Rupert
             ... wielding a +2 battleaxe of flaming
              (3 damage)
             ... on level 4 of the Lair of Beasts.
             The game lasted 00:59:01 (20782 turns).

Peloso the Fencer (Minotaur Fighter)               Turns: 20782, Time: 00:59:02

Health: -2/129     AC: 22    Str: 28    XL:     14   Next: 70%
Magic:  15/15      EV: 14    Int:  5    God:    Okawaru [*****.]
Gold:   1709       SH: 18    Dex: 19    Spells: 13/13 levels left

rFire    + . .     SeeInvis +   b - +1 falchion (flame)
rCold    + . .     Gourm    +   c - +0 shield {rF+}
rNeg     . . .     Faith    .   E - +0 plate armour
rPois    .         Spirit   .   Q - +0 mask of the Dragon {MR+ Slay+3 SInv}
rElec    .         Reflect  .   U - +0 cloak of the Hanged Man {MR+ Str+4}
rCorr    .         Harm     .   P - +1 pair of gloves {Dex+3}
MR       +++..                  (no boots)
Stlth    ..........             v - amulet "Adamuino" {Gourm rC+ Dex+4}
HPRegen  0.31/turn              t - ring of ice
MPRegen  0.14/turn              R - ring of fire

@: heroism
A: retaliatory headbutt, horns 2
a: Heroism, Finesse, Renounce Religion


You were on level 4 of the Lair of Beasts.
You worshipped Okawaru.
Okawaru was extremely pleased with you.
You were completely stuffed.

You visited 3 branches of the dungeon, and saw 18 of its levels.
You also visited: Bailey and Gauntlet.

You collected 2038 gold pieces.
You spent 329 gold pieces at shops.

Inventory:

Hand Weapons
 a - a +0 double sword of protection
 b - a +1 falchion of flaming (weapon)
Missiles
 B - 102 bolts
Armour
 c - a +0 shield of fire resistance (worn)
 r - the +0 hat of Disappointment {rF++ rC- Slay+5}
   (You found it in a Gauntlet)

   It affects your accuracy and damage with ranged weapons and melee attacks
   (+5).
   It greatly protects you from fire.
   It makes you vulnerable to cold.
 y - a +0 cloak
 E - a +0 plate armour (worn)
 K - a scarf of resistance
 L - the +0 cloak "Taetranyme" {Dex+3}
   (Okawaru gifted it to you on level 1 of the Orcish Mines)

   It affects your dexterity (+3).
 P - a +1 pair of gloves of dexterity (worn)
 Q - the +0 mask of the Dragon (worn) {MR+ Slay+3 SInv}
   (You found it in a Gauntlet)

   It affects your accuracy and damage with ranged weapons and melee attacks
   (+3).
   It affects your resistance to hostile enchantments.
   It lets you see invisible.
 U - the +0 cloak of the Hanged Man (worn) {MR+ Str+4}
   (You found it on level 2 of the Orcish Mines)

   It affects your strength (+4).
   It affects your resistance to hostile enchantments.
Jewellery
 p - an uncursed amulet of the acrobat
 t - a ring of ice (left hand)
 v - the amulet "Adamuino" (around neck) {Gourm rC+ Dex+4}
   (You found it in a Gauntlet)

   [amulet of the gourmand]

   It allows you to eat raw meat even when not hungry.
   It affects your dexterity (+4).
   It protects you from cold.
 w - an uncursed ring of ice
 G - an uncursed ring of flight
 R - a ring of fire (right hand)
Wands
 g - a wand of iceblast (8)
 F - a wand of digging (2)
 J - a wand of paralysis (6)
Scrolls
 e - 6 scrolls of enchant weapon {unknown}
 h - a scroll of brand weapon
 j - 3 scrolls of magic mapping
 k - 4 scrolls of fear {unknown}
 l - 3 scrolls of blinking
 m - 3 scrolls of fog {unknown}
 n - 8 scrolls of remove curse
 o - 6 scrolls of teleportation
 u - 3 scrolls of enchant armour {unknown}
 z - 5 scrolls of identify
 H - 3 scrolls of noise
 M - a scroll of amnesia
 N - a scroll of acquirement
Potions
 d - a potion of cancellation
 q - 2 potions of heal wounds
 s - 5 potions of resistance
 x - 9 potions of curing
 A - a potion of invisibility
 C - a potion of haste
 D - a potion of ambrosia
 I - a potion of flight
 O - 2 potions of agility
 S - a potion of mutation
Miscellaneous
 T - a lamp of fire
Comestibles
 f - 37 rations


   Skills:
 + Level 13.5(18.5) Fighting
 + Level 16.6(21.6) Long Blades
 + Level 12.6(17.6) Armour
 + Level 3.5(8.5) Dodging
 + Level 2.2(7.2) Stealth
 + Level 16.5(21.5) Shields
 + Level 3.8 Invocations
 + Level 2.7 Evocations


You had 13 spell levels left.
You didn't know any spells.
Your spell library contained the following spells:

 Spells                   Type           Power        Failure   Level  Hunger
 Animate Skeleton         Necr           N/A          95%         1    ##.....
 Apportation              Tloc           #.....       95%         1    ##.....
 Beastly Appendage        Tmut           #.....       95%         1    ##.....
 Confusing Touch          Hex            #.....       95%         1    ##.....
 Sandblast                Erth           #.....       95%         1    ##.....
 Summon Small Mammal      Summ           #...         95%         1    ##.....
 Passwall                 Tmut/Erth      #.......     99%         2    ###....
 Sticks to Snakes         Tmut           #.......     99%         2    ###....
 Spider Form              Tmut/Pois      #.........   100%        3    ####...
 Stone Arrow              Conj/Erth      #.....       100%        3    ####...
 Ice Form                 Ice/Tmut       #.......     100%        4    #####..
 Petrify                  Tmut/Erth      #.......     100%        4    #####..
 Summon Ice Beast         Ice/Summ       #.......     100%        4    #####..
 Throw Icicle             Conj/Ice       #.......     100%        4    #####..
 Blade Hands              Tmut           #.........   100%        5    ######.
 Irradiate                Conj/Tmut      #.........   100%        5    ######.
 Lee's Rapid Deconstruct  Erth           #.........   100%        5    ######.
 Bolt of Cold             Conj/Ice       #.........   100%        6    #######


Dungeon Overview and Level Annotations

Branches:
Dungeon (12/15)            Temple (0/1) D:7            Lair (4/6) D:9
  Swamp (0/4) Lair:3       Spider (0/4) Lair:3          Orc (2/2) D:12
    Elf (0/3) Orc:2        Bailey (visited)         Gauntlet (visited)

Altars:
Ashenzari
Fedhas
Gozag
Makhleb
Nemelex Xobeh
Okawaru
Ru
Sif Muna
Vehumet
Yredelemnul
The Shining One
Beogh

Shops:
D:7 :   Orc:2 [?:*

Portals:
Pandemonium: Orc:2
Ice
Cave: Lair:4

Annotations:
Lair:4 Rupert


Innate Abilities, Weirdness & Mutations

You reflexively headbutt those who attack you in melee.
You have a pair of horns on your head.


Message History

You hear a bleat!
Unknown command.
You barely miss Rupert. You headbutt Rupert.
Rupert is severely wounded.
You block Rupert's attack.
You hit Rupert. You burn Rupert.
Rupert is almost dead.
Rupert hits you with a +2 battleaxe of flaming!!
* * * LOW HITPOINT WARNING * * *
Rupert burns you.
* * * LOW HITPOINT WARNING * * *
Unknown command.
You slash Rupert! You burn Rupert. You headbutt Rupert!
Rupert is almost dead.
You hit Rupert. You burn Rupert. Your headbutt misses Rupert.
Rupert is almost dead.
Rupert hits you with a +2 battleaxe of flaming!
* * * LOW HITPOINT WARNING * * *
Rupert burns you.
You die...

,,,,,,,,**##......+..............
,,,,,,,** #........##P##P.#P..###
,,,,,,,* ##.......######......##
,,,,,,,* *#......## #####.##
,,,*,,** #.#.#.+## #.#* ,,,*,**
#####..P# #..** *,,,,* #..##
#..P* ,,,,,* #...## ##... ,,**+**
**##@..# **,* ,,,,,,**
***,#@#+.#* ********,, ,*,*,,,*
#P........#* *,,,,,,,,,
,,,,,,****#P.........#**,,,,,,,,,
*,,,,,* #...........##,,,,,,,,,,,
,,,,*,* #.....#..Y.Y#*,,,,,,,,,,,
,,*,*,**#....#.#....#*,*,,,,,,,,,
*,,,*,*,....#,∩,#.Y.#,,*,,,,,,,,,
*,,,,,+,....,*.*,..Y+,*,,,,,,,,,,


You could see Rupert (berserk).

Vanquished Creatures
  The ghost of Peloso the Fencer, a journeyman MiFi of Okawaru (Orc:2)
  A stone giant (Orc:1)
  Nessos (D:12)
  A minotaur (Gauntlet)
  An ogre mage (Orc:2)
  Harold (D:9)
  Erolcha (D:9)
  2 hydras
  A centaur warrior (D:11)
  5 two-headed ogres
  6 orc high priests
  Sonja (Lair:2)
  2 soul eaters
  Nergalle (D:10)
  2 sixfirhies (Orc:2)
  An unseen horror (D:11)
  3 infernal demonspawn (Orc:2)
  A gelid demonspawn (Orc:2)
  An obsidian statue (Gauntlet)
  Pikel (D:9)
  9 orc knights
  3 cyclopes (D:11)
  8 orc sorcerers
  3 ugly things
  A moth of wrath (Orc:2)
  A rust devil (Orc:2)
  2 manticores
  An apocalypse crab (Gauntlet)
  3 gargoyles (D:11)
  5 spiny frogs
  An orange demon (Orc:2)
  A rime drake (Lair:1)
  4 komodo dragons
  A hellwing (Orc:2)
  A jumping spider (Lair:3)
  6 trolls
  Prince Ribbit (D:7)
  4 blink frogs (Lair:1)
  A bog body (Lair:3)
  2 dream sheep (D:8)
  6 slime creatures
  5 hippogriffs
  2 wyverns
  29 yaks
  Sigmund (D:4)
  2 vampires
  Eustachio (D:4)
  A chaos spawn (Orc:2)
  2 hungry ghosts
  10 wargs
  A swamp worm (Lair:3)
  A soldier ant (D:12)
  6 water moccasins
  A porcupine (Lair:3)
  3 ice beasts
  A black bear (D:7)
  3 sky beasts
  48 orc warriors
  4 necrophages
  3 slaves (D:9)
  16 wolves
  17 ogres
  4 phantoms
  2 centaurs
  A crocodile (Lair:2)
  Blork the orc (D:9)
  5 big kobolds
  2 gnoll sergeants (D:12)
  A wyvern zombie (D:12)
  11 bullfrogs
  A troll zombie (D:7)
  7 killer bees
  17 wights
  2 electric eels
  3 howler monkeys
  7 crimson imps
  4 centaur zombies
  5 jellies
  A quasit (D:12)
  A bullfrog zombie (D:9)
  6 hounds
  3 human zombies (D:7)
  20 orc priests
  3 centaur skeletons
  2 bullfrog skeletons (D:9)
  2 human skeletons (D:7)
  Ijyb (D:3)
  3 iguanas
  17 orc wizards
  5 worker ants
  An ogre zombie (D:7)
  2 hound skeletons
  A mummy (D:7)
  2 worker ant zombies
  Robin (D:4)
  12 gnolls
  24 adders
  7 shadow imps
  3 adder skeletons
  A worm (D:4)
  2 dart slugs (D:2)
  4 leopard geckos
  92 orcs
  2 giant cockroaches (D:5)
  18 goblins
  12 hobgoblins
  17 jackals
  4 quokkas
  4 ball pythons
  6 bats
  8 frilled lizards
  A jackal zombie (D:5)
  9 kobolds
  A quokka zombie (D:7)
  9 rats
  A plant (Lair:1)
636 creatures vanquished.

Vanquished Creatures (others)
  2 orcs
  2 fungi (Lair:3)
  5 plants (D:9)
9 creatures vanquished.

Grand Total: 645 creatures vanquished

Notes
Turn   | Place    | Note
-------+----------+-------------------------------------------
     0 | D:1      | Peloso the Minotaur Fighter began the quest for the Orb.
     0 | D:1      | Reached XP level 1. HP: 19/19 MP: 0/0
    80 | D:1      | Reached XP level 2. HP: 17/27 MP: 1/1
   703 | D:2      | Found a burning altar of Makhleb.
   728 | D:2      | Reached XP level 3. HP: 33/33 MP: 2/2
   766 | D:2      | Found a shimmering blue altar of Sif Muna.
   770 | D:2      | Found a glowing golden altar of the Shining One.
   770 | D:2      | Found a shattered altar of Ashenzari.
   774 | D:2      | Reached skill level 1 in Dodging
   975 | D:2      | Reached XP level 4. HP: 40/40 MP: 3/3
  1671 | D:3      | Noticed Ijyb
  1678 | D:3      | HP: 1/40 [acid (9)]
  1679 | D:3      | Killed Ijyb
  1679 | D:3      | Reached XP level 5. HP: 2/46 MP: 4/4
  1985 | D:3      | Reached skill level 5 in Shields
  2478 | D:4      | Noticed Sigmund
  2504 | D:4      | Killed Sigmund
  2504 | D:4      | Reached skill level 5 in Long Blades
  2504 | D:4      | Reached skill level 5 in Armour
  2504 | D:4      | Reached XP level 6. HP: 40/53 MP: 5/5
  2590 | D:4      | Found a sparkling altar of Nemelex Xobeh.
  2853 | D:4      | Noticed Eustachio
  2878 | D:4      | Killed Eustachio
  2878 | D:4      | Reached XP level 7. HP: 55/60 MP: 6/6
  3025 | D:4      | Noticed Robin
  3042 | D:4      | Killed Robin
  3338 | D:5      | Entered Level 5 of the Dungeon
  3339 | D:5      | Found an opulent altar of Gozag.
  4022 | D:6      | Found a radiant altar of Vehumet.
  4084 | D:6      | Found a radiant altar of Vehumet.
  4206 | D:6      | Found a sacrificial altar of Ru.
  4230 | D:6      | Reached skill level 5 in Fighting
  4366 | D:6      | Found an iron altar of Okawaru.
  4427 | D:6      | Became a worshipper of Warmaster Okawaru
  4517 | D:6      | Reached XP level 8. HP: 43/68 MP: 7/7
  4707 | D:7      | Found Dekhlef's Book Shoppe.
  4985 | D:7      | Noticed Prince Ribbit
  5021 | D:7      | Killed Prince Ribbit
  5021 | D:7      | Reached * piety under Okawaru
  5105 | D:7      | Found a basalt altar of Yredelemnul.
  5109 | D:7      | Reached skill level 1 in Stealth
  5123 | D:7      | Reached skill level 1 in Evocations
  5133 | D:7      | Reached ** piety under Okawaru
  5233 | D:7      | Reached XP level 9. HP: 64/73 MP: 8/8
  5509 | D:7      | Found a blossoming altar of Fedhas.
  5716 | D:7      | Found a staircase to the Ecumenical Temple.
  5946 | D:8      | Reached *** piety under Okawaru
  6194 | D:8      | Reached skill level 10 in Long Blades
  6449 | D:8      | Reached XP level 10. HP: 66/83 MP: 9/9
  6467 | D:8      | Reached skill level 10 in Shields
  6531 | D:8      | Noticed a two-headed hydra
  6535 | D:8      | Killed a one-headed hydra
  6535 | D:8      | Reached **** piety under Okawaru
  7181 | D:9      | Noticed Harold
  7214 | D:9      | Killed Harold
  7214 | D:9      | Reached ***** piety under Okawaru
  7423 | D:9      | Found a staircase to the Lair.
  7424 | D:9      | Noticed Erolcha
  7431 | D:9      | Noticed Pikel
  7433 | D:9      | Reached XP level 11. HP: 61/93 MP: 7/10
  7460 | D:9      | Killed Pikel
  7460 | D:9      | Reached skill level 1 in Invocations
  7474 | D:9      | Paralysed by Erolcha for 7 turns
  7485 | D:9      | Killed Erolcha
  7613 | D:9      | Noticed Blork the orc
  7631 | D:9      | Killed Blork the orc
  7631 | D:9      | Received a gift from Okawaru
  7665 | D:9      | Got an ichor-stained great sword
  8404 | D:10     | Entered Level 10 of the Dungeon
  8483 | D:10     | Found a flagged portal.
  8502 | Bailey   | Entered a bailey
  8502 | Bailey   | Noticed an orc knight
  8502 | Bailey   | Noticed an orc knight
  8511 | Bailey   | Noticed an orc knight
  8521 | Bailey   | Killed an orc knight
  8732 | Bailey   | Noticed an orc knight
  8765 | Bailey   | Killed an orc knight
  8765 | Bailey   | Received a gift from Okawaru
  8957 | Bailey   | Killed an orc knight
  8966 | Bailey   | Killed an orc knight
  9270 | D:10     | Got a bone mace
  9271 | D:10     | Identified the +8 mace of the Fool {crush, MR+ Str+3 Dex+3}
                  | (You found it on level 10 of the Dungeon)
  9282 | D:10     | Noticed a two-headed ogre
  9295 | D:10     | Killed a two-headed ogre
  9377 | D:10     | Found a glowing golden altar of the Shining One.
  9396 | D:10     | Reached skill level 10 in Armour
  9560 | D:10     | Noticed Nergalle
  9579 | D:10     | Killed Nergalle
  9579 | D:10     | Received a gift from Okawaru
  9798 | D:11     | Noticed a purple ugly thing
  9814 | D:11     | Killed a purple ugly thing
  9814 | D:11     | Reached XP level 12. HP: 82/106 MP: 12/12
 10207 | D:11     | Reached ****** piety under Okawaru
 10257 | D:11     | Reached skill level 10 in Fighting
 10271 | D:11     | Received a gift from Okawaru
 10626 | D:11     | Noticed a centaur warrior
 10641 | D:11     | Killed a centaur warrior
 11062 | D:11     | Got a heavily runed chain mail
 11073 | D:11     | Identified the +1 chain mail of Midsummer {rElec Int+4
                  | Slay-6} (You found it on level 11 of the Dungeon)
 11564 | D:11     | Identified the cursed +3 great sword "Emonnouc" {slice,
                  | Str+4} (You found it on level 9 of the Dungeon)
 11875 | D:12     | Noticed Nessos
 11928 | D:12     | Killed Nessos
 12103 | D:12     | Reached XP level 13. HP: 105/116 MP: 13/13
 12330 | D:12     | Found a staircase to the Orcish Mines.
 12561 | Lair:1   | Entered Level 1 of the Lair of Beasts
 12862 | Lair:1   | Reached skill level 15 in Long Blades
 13319 | Lair:1   | Received a gift from Okawaru
 13690 | Lair:2   | Noticed Sonja
 13724 | Lair:2   | Killed Sonja
 14786 | Lair:3   | Found a hole to the Spider Nest.
 14843 | Lair:3   | Found a gate leading to a gauntlet.
 14852 | Gauntlet | Entered a Gauntlet
 14852 | Gauntlet | Found a transporter.
 14852 | Gauntlet | Found a transporter.
 14856 | Gauntlet | Found a transporter.
 14856 | Gauntlet | Found a transporter.
 14865 | Gauntlet | Found a transporter.
 14883 | Gauntlet | Noticed a reaper
 14885 | Gauntlet | Found a transporter.
 14891 | Gauntlet | Found a transporter.
 14894 | Gauntlet | Noticed a reaper
 14895 | Gauntlet | Found a transporter.
 14895 | Gauntlet | Found a transporter.
 14898 | Gauntlet | Found a transporter.
 14902 | Gauntlet | Noticed a reaper
 14950 | Gauntlet | Found a transporter.
 14981 | Gauntlet | Found a transporter.
 15025 | Gauntlet | Found a transporter.
 15043 | Gauntlet | Found a transporter.
 15165 | Gauntlet | Found a transporter.
 15182 | Gauntlet | Found a transporter.
 15397 | Gauntlet | Got a transparent hat
 15408 | Gauntlet | Identified the +0 hat of Disappointment {rF++ rC- Slay+5}
                  | (You found it in a Gauntlet)
 15409 | Gauntlet | Got a heavily runed silver amulet
 15411 | Gauntlet | Identified the amulet "Adamuino" {Gourm rC+ Dex+4} (You
                  | found it in a Gauntlet)
 15467 | Gauntlet | Reached skill level 15 in Shields
 15525 | Gauntlet | Noticed a minotaur
 15540 | Gauntlet | Killed a minotaur
 15559 | Gauntlet | Identified Surcho Ytaug's Volume of Freezing Changing
 15560 | Gauntlet | Found the +0 mask of the Dragon {MR+ Slay+3 SInv}
 15618 | Lair:3   | Found a staircase to the Swamp.
 16453 | Orc:1    | Entered Level 1 of the Orcish Mines
 16572 | Orc:2    | Entered Level 2 of the Orcish Mines
 16627 | Orc:2    | Found a staircase to the Elven Halls.
 17000 | Orc:1    | Received a gift from Okawaru
 17270 | Orc:2    | Found Jiosank's General Store.
 17272 | Orc:2    | Found Xoudiq's Magic Scroll Shop.
 17576 | Orc:2    | Bought a scroll of teleportation for 42 gold pieces
 17576 | Orc:2    | Bought a scroll of magic mapping for 49 gold pieces
 17576 | Orc:2    | Bought a scroll of remove curse for 42 gold pieces
 17576 | Orc:2    | Bought a scroll of blinking for 105 gold pieces
 17576 | Orc:2    | Bought a scroll of identify for 28 gold pieces
 17576 | Orc:2    | Bought a scroll of magic mapping for 49 gold pieces
 17576 | Orc:2    | Bought a scroll of random uselessness for 14 gold pieces
 17583 | Orc:2    | Identified a scroll of acquirement
 17629 | Orc:2    | Reached XP level 14. HP: 104/127 MP: 13/15
 18068 | Orc:2    | Found Kokkorph's Book Shoppe.
 18068 | Orc:2    | Found Pydittew's Antique Armour Emporium.
 18068 | Orc:2    | Found a one-way gate leading to the halls of Pandemonium.
 18505 | Orc:2    | Found a roughly hewn altar of Beogh.
 18634 | Orc:2    | Found a transporter.
 18637 | Orc:2    | Noticed Peloso's ghost (journeyman MiFi)
 18713 | Orc:2    | Found a transporter.
 19664 | Orc:1    | Received a gift from Okawaru
 20056 | Orc:1    | Noticed a stone giant
 20072 | Orc:1    | Killed a stone giant
 20191 | Orc:1    | Got an ichor-stained cloak {god gift}
 20202 | Orc:1    | Identified the +0 cloak "Taetranyme" {Dex+3} (Okawaru
                  | gifted it to you on level 1 of the Orcish Mines)
 20508 | Orc:2    | Killed Peloso's ghost
 20527 | Orc:2    | Got a shimmering cloak
 20538 | Orc:2    | Identified the +0 cloak of the Hanged Man {MR+ Str+4} (You
                  | found it on level 2 of the Orcish Mines)
 20761 | Lair:4   | Found a frozen archway.
 20762 | Lair:4   | Noticed Rupert
 20782 | Lair:4   | HP: 1/129 [Rupert/+2 battleaxe of flaming (13)]
 20782 | Lair:4   | Slain by Rupert

Levels and vault maps discovered:
D:1:      lemuel_arrival_broad_hall, layout_loops_cross, nrook_campfire
D:2:      layout_basic, lemuel_doored_altar, grunt_temple_overflow_open,
          first_ration
D:3:      layout_basic, grunt_ministairs_13, uniq_ijyb
D:4:      layout_loops_corners, nemelex_lonely_heart_becter, uniq_eustachio,
          uniq_sigmund, uniq_robin
D:5:      layout_basic, supply_closet_lemuel, chequers_serial_rivers_micro_e,
          nicolae_gozag_seed_capital
D:6:      layout_loops_ring, vehumet_crystals, nicolae_ru_the_path_less_chosen,
          kennysheep_okawaru_gauntlet, basic_altar
D:7:      layout_gridville, lemuel_mausoleum_altar_yredelemnul,
          minmay_temple_entry_offerings, serial_shops, nicolae_shop_statue_plus,
          basic_altar, serial_bayou_pond_d, uniq_prince_ribbit1
D:8:      layout_basic, special_room [special_room_orc], hangedman_ranch
          [blue_anna_fruit_fields]
D:9:      layout_loops_corners, david_lair_shrubbed, sword_in_stone, uniq_pikel,
          uniq_erolcha, uniq_harold
D:10:     layout_roguey, enter_bailey_2, basic_altar, uniq_nergalle
D:11:     cheibrodos_ideogram_h, layout_irregular_city, serial_rivers,
          chequers_serial_rivers_small_b, chequers_serial_rivers_marsh,
          chequers_serial_rivers_small_b, chequers_serial_rivers_marsh,
          minmay_increasing_density
D:12:     layout_loops_ring, kennysheep_orc_monster_closet_entryway,
          serial_park_tiny_1, minmay_crystal_water, uniq_nessos
Lair:1:   layout_small_grid, minmay_shattered_shrine, lemuel_fruit_tree
Lair:2:   layout_cave_shapes, uniq_sonja
Lair:3:   layout_roguey, nicolae_swamp_entry_splash_gauntlet,
          spider_nest_entry_a, gauntlet_entry_generic
Lair:4:   layout_roguey, portal_ice_cave_entry_pillars_2, uniq_rupert
Orc:1:    layout_caves, abandoned_shop
Orc:2:    pf_orc_diabolical, layout_caves, basic_altar,
          gammafunk_ghost_berserking_beasts

Skill      XL: |  1  2  3  4  5  6  7  8  9 10 11 12 13 14 |
---------------+-------------------------------------------+-----
Armour         | 4 5 6 7 8 9 10 11 12 | 12.6
Long Blades    | 3 4 5 6 7 8 10 11 13 14 15 16 | 16.6
Shields        | 4 5 6 8 9 11 12 14 15 16 | 16.5
Dodging        | 1 2 3 |  3.5
Fighting       | 4 5 6 8 9 11 12 13 | 13.5
Stealth        | 1 2 |  2.2
Evocations     | 1 2 |  2.7
Invocations    | 2 3 |  3.8

Action                   |  1- 3 |  4- 6 |  7- 9 | 10-12 | 13-15 || total
-------------------------+-------+-------+-------+-------+-------++-------
Melee: Long sword        |    60 |   179 |   427 |    18 |       ||   684
       Headbutt          |    10 |    23 |    91 |   225 |   241 ||   590
       Falchion          |       |       |       |   456 |   306 ||   762
       Double sword      |       |       |       |   426 |   582 ||  1008
Invok: Heroism           |       |       |     2 |    17 |    18 ||    37
       Finesse           |       |       |       |     2 |     5 ||     7
Evoke: Wand              |       |       |     5 |    24 |     7 ||    36
  Use: Potion            |     2 |     4 |     1 |     6 |     2 ||    15
       Scroll            |       |       |     6 |     4 |    10 ||    20
 Stab: Paralysed         |       |       |       |       |     4 ||     4
       Distracted        |       |       |       |       |     1 ||     1
  Eat: Chunk             |       |     6 |    12 |    18 |    33 ||    69
       Ration            |       |       |       |     1 |     1 ||     2
Armor: Scale mail        |    18 |       |       |       |       ||    18
       Chain mail        |     5 |   137 |   106 |       |       ||   248
       Plate armour      |       |       |    71 |   335 |   315 ||   721
Dodge: Dodged            |    23 |    50 |   118 |   202 |   251 ||   644
Block: Shield            |    31 |   109 |   244 |   496 |   639 ||  1519
       Rpst.: Long sword |    10 |    11 |    30 |     1 |       ||    52
       Falchion          |       |       |       |    18 |    24 ||    42
       Double sword      |       |       |       |    27 |    37 ||    64
